 Dungeon Crawl Stone Soup version 0.22-a0-21-g9421e3f (webtiles) character file.

426 theanonym the Sneak (level 6, 0/25 HPs)
             Began as a Spriggan Enchanter on Jan 2, 2018.
             Succumbed to a hornet's poison
             ... on level 4 of the Dungeon.
             The game lasted 00:10:14 (4964 turns).

theanonym the Sneak (Spriggan Enchanter)            Turns: 4964, Time: 00:10:15

Health: 0/25       AC:  4    Str:  9    XL:     6   Next: 64%
Magic:  8/13       EV: 20    Int: 19    God:
Gold:   168        SH:  0    Dex: 16    Spells: 5/13 levels left

rFire    + . .     SeeInvis +   a - +1 dagger
rCold    . . .     Gourm    .   (shield restricted)
rNeg     . . .     Faith    .   b - +0 robe {0}
rPois    .         Spirit   .   (helmet restricted)
rElec    .         Reflect  .   s - +1 cloak
rCorr    .         Harm     .   (gloves unavailable)
MR       +....                  (boots unavailable)
Stlth    +++.......             (no amulet)
HPRegen  0.08/turn              j - ring of protection from fire {rF+}
MPRegen  0.13/turn              (no ring)

@: mighty, lethally poisoned (0 -> -6), very quick
A: very small, unfitting armour, see invisible, deterioration 1, herbivore,
speed 3, frail 1, slow metabolism 2, evolution 2
a: no special abilities


Innate Abilities, Weirdness & Mutations

You are very small and have problems with some larger weapons.
You are too small for most types of armour.
You have supernaturally acute eyesight. (SInv)
You are a herbivore.
You cover ground extremely quickly.
You need consume almost no food.
Your body sometimes deteriorates upon taking damage.
You are frail. (-10% HP)
You rapidly evolve.


   Skills:
 * Level 4.4 Short Blades
 + Level 4.9 Dodging
 + Level 6.2 Stealth
 - Level 4.1 Spellcasting
 + Level 5.0 Hexes


You had 5 spell levels left.
You knew the following spells:

 Your Spells              Type           Power        Failure   Level  Hunger
b - Ensorcelled Hibernat  Hex/Ice        ##....       8%          2    ##.....
c - Confuse               Hex            ###.....     4%          3    ###....
d - Tukima's Dance        Hex            ###.....     4%          3    ###....

Skill      XL: |  1  2  3  4  5  6 |
---------------+-------------------+-----
Spellcasting   | 3 4 |  4.1
Short Blades   | 2 3 4 |  4.4
Hexes          | 4 5 |  5.0
Stealth        | 5 6 |  6.2
Dodging        | 4 |  4.9

Action                   |  1- 3 |  4- 6 || total
-------------------------+-------+-------++-------
Melee: Dagger            |   177 |   130 ||   307
 Cast: Corona            |     9 |     4 ||    13
       Ensorcelled Hiber |    10 |    13 ||    23
       Confuse           |     3 |     2 ||     5
  Use: Scroll            |       |     8 ||     8
       Potion            |       |     6 ||     6
 Stab: Sleeping          |    18 |    11 ||    29
       Confused          |     1 |     1 ||     2
  Eat: Ration            |       |     2 ||     2
Armor: Robe              |     7 |    17 ||    24
Dodge: Dodged            |   145 |   133 ||   278

Inventory:

Hand Weapons
 a - a +1 dagger (weapon)
 d - a +0 short sword
   (You took it off a kobold on level 1 of the Dungeon)
Armour
 b - a +0 robe (worn) {0}
 s - a +1 cloak (worn)
   (You found it on level 3 of the Dungeon)
Jewellery
 j - a ring of protection from fire (left hand) {rF+}
   (You found it on level 2 of the Dungeon)
Wands
 p - a wand of flame (17)
   (You found it on level 2 of the Dungeon)
Scrolls
 f - a scroll of amnesia
 q - a scroll of remove curse {unknown}
 t - a scroll of teleportation {!r}
 y - a scroll of magic mapping
Books
 c - a book of Maledictions
Comestibles
 e - 6 rations


You were on level 4 of the Dungeon.
You were not hungry.

You visited 1 branch of the dungeon, and saw 4 of its levels.

You collected 168 gold pieces.

Dungeon Overview and Level Annotations

Branches:
Dungeon (4/15)
 Temple: D:4-7

Altars:
Ashenzari
Xom

..........#.# *,* *,**
**
#####.#.....########,*
**,***,
#.##.##.........,*
**,*,*
#.##.##.########**
**,** #.##.##.# ***
#.......# ####.####
#.# ######### #.#
#@§§....# ######.#
***#§#####.# ***** #
#...##.####..§§§,,,,,*
*,,,, #
#...........##.#.***,*
*,,,, #
#...#...######.#.# *,*
*,,,* # ##.#.....#
#.#,#**,* *,,**
####.##...## #..,,,,,*
*,,** .....###.##
#.#,***,* ***,,,,
###### #.# *,,,,,,,*
*,,,,,,


There were no monsters in sight!

Notes
Turn   | Place    | Note
-------+----------+-------------------------------------------
     0 | D:1      | theanonym the Spriggan Enchanter began the quest for the Orb.
     0 | D:1      | Reached XP level 1. HP: 9/9 MP: 5/5
   264 | D:1      | Reached XP level 2. HP: 13/13 MP: 6/6
   268 | D:1      | Learned a level 2 spell: Ensorcelled Hibernation
   490 | D:1      | Reached skill level 3 in Spellcasting
  1359 | D:2      | Reached skill level 2 in Short Blades
  1520 | D:2      | HP: 6/13 [dart slug/slug dart (7)]
  1523 | D:2      | Reached XP level 3. HP: 7/16 MP: 3/8
  1696 | D:2      | Learned a level 3 spell: Confuse
  1809 | D:2      | Reached skill level 4 in Hexes
  1983 | D:2      | Reached skill level 5 in Stealth
  1987 | D:2      | HP: 8/16 [poisoned by an adder]
  2455 | D:2      | Reached XP level 4. HP: 19/21 MP: 6/9
  2555 | D:2      | Noticed a centaur
  2557 | D:2      | Killed a centaur
  2557 | D:2      | Reached skill level 3 in Short Blades
  2557 | D:2      | Reached skill level 4 in Dodging
  2557 | D:2      | Reached XP level 5. HP: 24/24 MP: 9/11
  2906 | D:2      | Learned a level 3 spell: Tukima's Dance
  3754 | D:3      | Found a shattered altar of Ashenzari.
  3758 | D:3      | Found a shimmering altar of Xom.
  3792 | D:3      | HP: 12/24 [jackal (1)]
  3799 | D:3      | HP: 12/24 [jackal (1)]
  4596 | D:4      | Noticed an ogre
  4602 | D:4      | Killed an ogre
  4602 | D:4      | Reached XP level 6. HP: 28/28 MP: 7/12
  4604 | D:4      | Noticed a hornet
  4609 | D:4      | HP: 10/28 [hornet (7)]
  4609 | D:4      | Paralysed by a hornet for 3 turns
  4614 | D:4      | HP: 5/28 [poisoned by a hornet]
  4638 | D:4      | HP: 14/28 [poisoned by a hornet]
  4808 | D:4      | Noticed Menkaure
  4810 | D:4      | Killed Menkaure
  4810 | D:4      | Reached skill level 4 in Short Blades
  4810 | D:4      | Reached skill level 6 in Stealth
  4810 | D:4      | Reached skill level 4 in Spellcasting
  4915 | D:4      | Noticed Natasha
  4941 | D:4      | Killed Natasha
  4941 | D:4      | Reached skill level 5 in Hexes
  4956 | D:4      | HP: 5/28 [hornet (13)]
  4960 | D:4      | HP: 2/28 [poisoned by a hornet]
  4961 | D:4      | Gained mutation: Your body sometimes deteriorates upon taking damage. [potion of mutation]
  4961 | D:4      | Gained mutation: You evolve. [potion of mutation]
  4961 | D:4      | Gained mutation: You are frail. (-10% HP) [potion of mutation]
  4961 | D:4      | Gained mutation: You rapidly evolve. [potion of mutation]
  4964 | D:4      | Succumbed to a hornet's poison

Vanquished Creatures
  Menkaure (D:4)
  A centaur (D:2)
  An ogre (D:4)
  Natasha (D:4)
  4 adders
  3 worms (D:2)
  3 dart slugs
  A leopard gecko (D:2)
  An orc (D:3)
  3 giant cockroaches
  10 goblins
  5 hobgoblins
  10 jackals
  A quokka (D:2)
  2 ball pythons (D:1)
  11 bats
  4 frilled lizards
  5 kobolds
  7 rats
74 creatures vanquished.

Table legend:
 A = Turns spent in this place as a percentage of turns spent in the entire game.
 B = Non-inter-level travel turns spent in this place as a percentage of non-inter-level travel turns spent in the entire game.
 C = Inter-level travel turns spent in this place as a percentage of turns spent in this place.
 D = Turns resting spent in this place as a percentage of non-inter-level travel turns spent in this place.
 E = Turns spent auto-exploring this place as a percentage of non-inter-level travel turns spent in this place.
 F = Non-inter-level travel turns spent in this place divided by the number of levels of this place that you've seen.
                   A       B       C       D       E      F
               +-------+-------+-------+-------+-------+----------------------
         Total | 100.0 | 100.0 |   1.6 |  29.5 |  52.4 | 1221.0
       Dungeon | 100.0 | 100.0 |   1.6 |  29.5 |  52.4 | 1221.0
               +-------+-------+-------+-------+-------+----------------------
